 Dungeon Crawl Stone Soup version 0.28-a0-804-g60983d4ba9 (webtiles) character file.

Game seed: 5417057389132031321

12175 vurker the Zephyrmancer (level 11, -2/68 HPs)
             Began as a Tengu Air Elementalist on Nov 7, 2021.
             Was a Believer of Vehumet.
             Slain by a phantasmal warrior (26 damage)
             ... led by a death knight
             ... on level 11 of the Dungeon.
             The game lasted 00:19:59 (15422 turns).

vurker the Zephyrmancer (Tengu Air Elementalist)   Turns: 15422, Time: 00:20:00

Health: -2/68      AC:  8    Str:  8    XL:     11   Next: 89%
Magic:  13/26      EV: 17    Int: 19    God:    Vehumet [**....]
Gold:   623        SH:  0    Dex: 15    Spells: 18/31 levels left

rFire   + . .      SeeInvis .   v - staff of earth
rCold   + . .      Faith    .   (no shield)
rNeg    . . .      Spirit   .   u - +0 acid dragon scales
rPois   .          Reflect  .   (helmet restricted)
rElec   .          Harm     .   k - scarf {rC+ rF+}
rCorr   +          Rampage  .   c - +1 pair of gloves
Will    .....                   (boots unavailable)
Stlth   ++........              t - amulet of magic regeneration
HPRegen 0.21/turn               g - +4 ring of evasion
MPRegen 0.45/turn               (no ring)

@: weak-willed, flying quickly and evasively, quick
A: beak, talons 3, nimble flight
a: Renounce Religion


You were on level 11 of the Dungeon.
You worshipped Vehumet.
Vehumet was pleased with you.
You visited 2 branches of the dungeon, and saw 12 of its levels.

You collected 623 gold pieces.

Inventory:

Armour
 c - a +1 pair of gloves (worn)
   (You found it on level 1 of the Dungeon)
 k - a scarf of resistance (worn)
   (You found it on level 2 of the Dungeon)
 u - +0 acid dragon scales (worn)
   (You took it off Maggie on level 10 of the Dungeon)
Magical Staves
 v - a staff of earth (weapon)
   (You found it on level 6 of the Dungeon)
Jewellery
 g - a +4 ring of evasion (left hand)
   (You found it on level 1 of the Dungeon)
 n - a ring of ice
   (You found it on level 3 of the Dungeon)
 r - a ring of resist corrosion
   (You found it on level 9 of the Dungeon)
 t - an amulet of magic regeneration (around neck)
   (You found it on level 6 of the Dungeon)
Wands
 d - a wand of iceblast (6)
   (You took it off an orc warrior on level 10 of the Dungeon)
 q - a wand of charming (8)
   (You found it on level 9 of the Dungeon)
Scrolls
 b - a scroll of teleportation
 m - 2 scrolls of enchant armour
 p - a scroll of blinking
Potions
 a - a potion of cancellation {unknown}
 e - 5 potions of lignification
 f - 3 potions of curing
 h - 2 potions of heal wounds {unknown}
 i - 2 potions of haste
 j - 2 potions of invisibility
 o - 3 potions of attraction
 s - a potion of brilliance {unknown}
 w - 2 potions of mutation {unknown}


   Skills:
 + Level 7.8 Fighting
 - Level 2.1 Dodging
 - Level 2.0 Stealth
 * Level 10.6 Spellcasting
 - Level 8.0 Conjurations
 * Level 14.8 Air Magic


You had 18 spell levels left.
You knew the following spells:

 Your Spells              Type           Power      Damage    Failure   Level
a - Shock                 Conj/Air       100%       1d9       1%          1
c - Airstrike             Air            30%        N/A       1%          4
f - Maxwell's Capacitive  Air            30%        ∞         88%         8

Your spell library contained the following spells:

 Spells                   Type           Power      Damage    Failure   Level
 Ignite Poison            Fire/Tmut/Pois 10%        N/A       36%         3
 Static Discharge         Conj/Air       52%        N/A       1%          2
 Swiftness                Air            61%        N/A       1%          3
 Summon Lightning Spire   Summ/Air       38%        N/A       6%          4
 Dazzling Flash           Conj/Hex       50%        N/A       8%          3
 Slow                     Hex            40%        N/A       13%         1
 Summon Small Mammal      Summ           40%        N/A       13%         1
 Sublimation of Blood     Necr           10%        N/A       19%         2
 Wereblood                Tmut           10%        N/A       19%         2
 Iskenderun's Mystic Bla  Conj/Tloc      25%        2d7       24%         4
 Call Canine Familiar     Summ           10%        N/A       36%         3
 Confusing Touch          Hex            10%        N/A       36%         3
 Summon Guardian Golem    Hex/Summ       10%        N/A       36%         3
 Vampiric Draining        Necr           10%        2d6       36%         3
 Animate Armour           Summ/Erth      30%        N/A       77%         4
 Leda's Liquefaction      Hex/Erth       7%         N/A       77%         4
 Blade Hands              Tmut           5%         N/A       98%         5
 Lee's Rapid Deconstruct  Erth           7%         3d8*      98%         5
 Iron Shot                Conj/Erth      18%        9d4       98%         6
 Starburst                Conj/Fire      12%        6d5       98%         6
 Storm Form               Tmut/Air       19%        N/A       99%         7
 Statue Form              Tmut/Erth      10%        N/A       100%        6
 Summon Hydra             Summ           5%         N/A       100%        7


Dungeon Overview and Level Annotations

Branches:
Dungeon (11/15)            Temple (1/1) D:7            Lair (0/6) D:8
    Orc (0/2) D:9

Altars:
Ashenzari
Cheibriados
Dithmenos
Gozag
Hepliaklqana
Makhleb
Nemelex Xobeh
Okawaru
Qazlal
Uskayaw
Vehumet
The Shining One

Shops:
D:4 (

Annotations:
D:5 3 runed translucent doors, kae's ghost, novice TeSu
D:7 3 runed translucent doors, kae's ghost, novice TeSu
D:10 2 transporters


Innate Abilities, Weirdness & Mutations

You have a beak for a mouth.
You have claws for feet.
Your magical nature lets you fly swiftly and evasively.


Message History

A wraith and a freezing wraith come into view.
There are monsters nearby!
Aim: a wraith (empty space bonus: 7/8)
The air twists around and strikes the wraith!
A skeletal warrior comes into view. It is wielding a +0 halberd.
A phantasmal warrior comes into view.
Aim: a wraith (moderately damaged, empty space bonus: 8/8)
The air twists around and strikes the wraith!
You hear a shout!
A death knight comes into view. It is wielding a +0 glaive.
There is an open door here.
You reach down and close the door.
A wraith opens the door.
Aim: a wraith (heavily damaged, empty space bonus: 8/8)
The air twists around and strikes the wraith!
Aim: a wraith (severely damaged, empty space bonus: 7/8)
The air twists around and strikes the wraith!!
You destroy the wraith!
Vehumet accepts your kill.
Aim: a skeletal warrior, wielding a +0 halberd (empty space bonus: 8/8)
The air twists around and strikes the skeletal warrior!
There is an open door here.
You reach down and close the door.
There is an open door here.
Things that are here:
a +0 dagger; an elf skeleton You see here 6 large rocks.
There is a stone staircase leading up, spattered with blood here.
A phantasmal warrior is nearby!
Aim: a phantasmal warrior (empty space bonus: 2/8)
The air twists around and strikes the phantasmal warrior.
Aim: a phantasmal warrior (lightly damaged, empty space bonus: 4/8)
The air twists around and strikes the phantasmal warrior.
You can't see any susceptible monsters within range! (Use Z to cast anyway.)
The phantasmal warrior gestures at you.
The phantasmal warrior blinks!
The phantasmal warrior hits you!
Aim: a phantasmal warrior (lightly damaged, empty space bonus: 7/8)
The air twists around and strikes the phantasmal warrior!
The phantasmal warrior hits you!!
* * * LOW HITPOINT WARNING * * *
Your willpower is stripped away!
The mass of ice explodes!
The iceblast engulfs the phantasmal warrior.
The phantasmal warrior partially resists.
The phantasmal warrior closely misses you.
Aim: a phantasmal warrior (heavily damaged, empty space bonus: 7/8)
The air twists around and strikes the phantasmal warrior!!
The phantasmal warrior hits you!!
You die...

#.# #.#..# #.# #.#..#
######.#### #.#..#
..........# #.#..######
...###.##.###.#.......##
...# #.##..##.#........#
...# #.###.##'#........#
...###.###.#........##.###
...........')..(@W..+...>#
...###.###.#........##.#.#
##.# #[#
#..........##+#.########
##+# #.#
#....................... ..
...
#..###.#.........####### ..
....##..###(#.........# ..
..............)........#
...............##........##
...♣...#.................#


You could see a phantasmal warrior.

Vanquished Creatures
  3 two-headed ogres
  A deep elf pyromancer (D:11)
  2 cyclopes (D:11)
  An unseen horror (D:8)
  2 gargoyles (D:8)
  Maggie (D:10)
  A kobold demonologist (D:10)
  Psyche (D:8)
  A troll (D:9)
  A hornet (D:8)
  2 wyverns
  A yak (D:8)
  2 wraiths (D:11)
  A vampire (D:11)
  A vampire mosquito (D:8)
  A steam dragon (D:8)
  Menkaure (D:4)
  Grum (D:8)
  Edmund (D:6)
  3 water moccasins
  3 acid dragons
  4 ice beasts
  2 black bears
  6 orc warriors
  2 wolves (D:8)
  6 ogres
  4 centaurs
  5 kobold brigands
  2 bullfrogs
  3 gnoll sergeants (D:9)
  2 scorpions
  A wyvern zombie (D:8)
  7 killer bees
  6 wights
  2 howler monkeys (D:8)
  2 electric eels (D:10)
  5 centaur zombies
  7 hounds
  An orc priest (D:8)
  A centaur skeleton (D:6)
  Natasha (thrice) (D:2)
  7 orc wizards
  A killer bee zombie (D:8)
  A howler monkey zombie (D:7)
  5 adders
  16 gnolls
  A shadow imp (D:7)
  An ufetubus (D:7)
  An adder skeleton (D:4)
  5 worms
  33 orcs
  5 ball pythons
  3 endoplasms
  A giant cockroach (D:1)
  8 goblins
  5 hobgoblins
  11 jackals
  3 quokkas
  3 frilled lizards
  11 kobolds
  4 rats
227 creatures vanquished.

Vanquished Creatures (collateral kills)
  A killer bee (D:10)
  A centaur zombie (D:9)
  A gnoll (D:9)
3 creatures vanquished.

Vanquished Creatures (others)
  A two-headed ogre (D:10)
  An orc wizard (D:8)
2 creatures vanquished.

Grand Total: 232 creatures vanquished

Notes
Turn   | Place    | Note
-------+----------+-------------------------------------------
     0 | D:1      | vurker the Tengu Air Elementalist began the quest for the
                  | Orb.
     0 | D:1      | Reached XP level 1. HP: 10/10 MP: 4/4
   398 | D:2      | Reached XP level 2. HP: 15/15 MP: 4/6
   660 | D:1      | Reached XP level 3. HP: 15/20 MP: 1/7
  1289 | D:2      | Reached skill level 1 in Fighting
  1356 | D:2      | Reached XP level 4. HP: 14/25 MP: 1/9
  1493 | D:2      | Learned a level 4 spell: Airstrike
  1653 | D:2      | Reached skill level 5 in Air Magic
  1857 | D:2      | Found a sparkling altar of Nemelex Xobeh.
  2226 | D:3      | Noticed Natasha
  2241 | D:2      | Killed Natasha
  2563 | D:2      | Noticed Natasha
  2571 | D:2      | Killed Natasha
  2572 | D:2      | Gained mutation: Your magical nature lets you fly swiftly
                  | and evasively. [Tengu growth]
  2572 | D:2      | Reached XP level 5. HP: 20/29 MP: 1/10
  2770 | D:2      | Found a sparkling altar of Nemelex Xobeh.
  2818 | D:2      | Noticed Natasha
  2825 | D:2      | Killed Natasha
  3697 | D:3      | Reached XP level 6. HP: 35/35 MP: 8/12
  3740 | D:3      | Noticed a great orb of eyes
  4012 | D:3      | Found a faded altar of an unknown god.
  4014 | D:3      | Noticed a floating eye
  4020 | D:3      | Noticed a shining eye
  4023 | D:3      | Noticed a shining eye
  4030 | D:3      | Noticed a black bear
  4059 | D:3      | Killed a black bear
  4060 | D:3      | Reached skill level 6 in Air Magic
  4651 | D:4      | Noticed Menkaure
  4660 | D:4      | Killed Menkaure
  4661 | D:4      | Reached XP level 7. HP: 26/40 MP: 9/14
  4808 | D:4      | Found Unamaev's Antique Weapon Boutique.
  4826 | D:4      | You are sucked into a shaft and drop 2 floors!
  4948 | D:5      | Entered Level 5 of the Dungeon
  5197 | D:5      | Reached skill level 7 in Air Magic
  5967 | D:5      | Found a runed translucent gate.
  5968 | D:5      | Found a runed translucent gate.
  5968 | D:5      | Found a runed translucent gate.
  5968 | D:5      | Noticed kae's ghost (novice TeSu)
  6819 | D:6      | Reached skill level 5 in Spellcasting
  6819 | D:6      | Reached XP level 8. HP: 45/46 MP: 11/16
  6904 | D:6      | Noticed Edmund
  6932 | D:6      | Killed Edmund
  6933 | D:6      | Reached skill level 5 in Conjurations
  6933 | D:6      | Reached skill level 8 in Air Magic
  7694 | D:7      | Noticed a two-headed ogre
  7698 | D:7      | Killed a two-headed ogre
  7699 | D:7      | Reached skill level 9 in Air Magic
  7699 | D:7      | Reached XP level 9. HP: 46/52 MP: 2/19
  7973 | D:7      | Reached skill level 10 in Air Magic
  8116 | D:7      | Found a runed translucent gate.
  8117 | D:7      | Found a runed translucent gate.
  8128 | D:7      | Found a staircase to the Ecumenical Temple.
  8137 | Temple   | Entered the Ecumenical Temple
  8144 | Temple   | Became a worshipper of Vehumet
  8166 | D:7      | Found a runed translucent gate.
  8167 | D:7      | Noticed kae's ghost (novice TeSu)
  8481 | D:8      | Reached skill level 5 in Fighting
  8486 | D:8      | Noticed Psyche
  8522 | D:8      | Killed Psyche
  8800 | D:8      | Noticed a hornet
  8803 | D:8      | Killed a hornet
  8847 | D:8      | Found a stormy altar of Qazlal.
  8929 | D:8      | Noticed Grum
  8936 | D:8      | Reached skill level 11 in Air Magic
  8949 | D:8      | Killed Grum
  8950 | D:8      | Reached XP level 10. HP: 59/59 MP: 1/22
  9023 | D:8      | Found a staircase to the Lair.
  9557 | D:8      | Reached * piety under Vehumet
  9557 | D:8      | Offered knowledge of Foxfire by Vehumet.
 10028 | D:8      | Noticed a gargoyle
 10029 | D:8      | Noticed a boulder beetle
 10030 | D:8      | Killed a gargoyle
 10331 | D:7      | Learned a level 8 spell: Maxwell's Capacitive Coupling
 10618 | D:8      | Reached skill level 12 in Air Magic
 10678 | D:8      | Killed an unseen horror
 10909 | D:8      | Noticed a gargoyle
 10912 | D:8      | Killed a gargoyle
 11781 | D:9      | Noticed a two-headed ogre
 11785 | D:9      | Killed a two-headed ogre
 11786 | D:9      | Reached skill level 13 in Air Magic
 11786 | D:9      | Reached XP level 11. HP: 66/66 MP: 15/25
 12094 | D:9      | Offered knowledge of Poisonous Vapours by Vehumet.
 12097 | D:9      | Reached ** piety under Vehumet
 12424 | D:9      | Found a staircase to the Orcish Mines.
 13250 | D:10     | Entered Level 10 of the Dungeon
 13281 | D:10     | Noticed a two-headed ogre
 13285 | D:10     | Killed a two-headed ogre
 13330 | D:10     | Noticed Maggie
 13331 | D:10     | Reached skill level 14 in Air Magic
 13376 | D:10     | Killed Maggie
 13377 | D:10     | Reached skill level 10 in Spellcasting
 13467 | D:10     | Noticed a two-headed ogre
 13488 | D:10     | Offered knowledge of Ignite Poison by Vehumet.
 13698 | D:10     | Found a transporter.
 13715 | D:10     | Found a transporter.
 13783 | D:10     | Identified the +3 chain mail "Ridwaoq" {rF+}
 14854 | D:11     | Noticed a cyclops
 14854 | D:11     | Noticed a cyclops
 14861 | D:11     | Killed a cyclops
 15077 | D:11     | Noticed a deep elf pyromancer
 15137 | D:11     | Killed a cyclops
 15162 | D:11     | Killed a deep elf pyromancer
 15339 | D:11     | Noticed a skeletal warrior
 15339 | D:11     | Noticed a phantasmal warrior
 15340 | D:11     | Noticed a death knight
 15422 | D:11     | Slain by a phantasmal warrior

Illustrated notes

Levels and vault maps discovered:
D:1:      saegor_arrival_simple_c, layout_rooms
D:2:      layout_loops_ring, basic_altar, hangedman_abyss_or_decor_lesser_grid
D:3:      layout_rooms, hellmonk_ecumenical_altar_watching_god, minmay_bisected,
          uniq_natasha
D:4:      layout_cave_pools, nicolae_inconvenience_store, hangedman_glass_teeth,
          uniq_menkaure
D:5:      layout_gridville, ebering_ghost_rock_garden
D:6:      layout_loops_corners, uniq_edmund
D:7:      layout_rooms, minmay_temple_entry_glassed_door,
          gammafunk_ghost_necromancy, minmay_between
D:8:      minmay_quarter_circles, layout_gridville, mainiacjoe_overflow_paths,
          lair_entry_dummy, uniq_psyche, uniq_grum
D:9:      layout_basic, kennysheep_orc_monster_closet_entryway
D:10:     gammafunk_worm_tunnel, layout_basic, minivault_25, uniq_maggie
D:11:     layout_basic, okawaru_trees_2
Temple:   grunt_wide_crystal_templ

Skill      XL: |  1  2  3  4  5  6  7  8  9 10 11 |
---------------+----------------------------------+-----
Conjurations   | 2 3 4 6 7 8 |  8.0
Fighting       | 1 2 3 4 5 6 7 |  7.8
Air Magic      | 5 6 7 9 11 13 14 | 14.8
Spellcasting   | 3 4 5 6 7 9 10 | 10.6
Dodging        | |  2.1
Stealth        | |  2.0

Action                   |  1- 3 |  4- 6 |  7- 9 | 10-12 || total
-------------------------+-------+-------+-------+-------++-------
Melee: Unarmed           |    13 |     5 |       |       ||    18
       Kick              |     5 |     1 |       |     2 ||     8
       Peck              |     2 |       |       |       ||     2
       Staff             |       |       |       |    10 ||    10
 Cast: Shock             |    62 |   143 |   148 |    56 ||   409
       Airstrike         |       |       |    48 |   220 ||   268
Evoke: Wand              |       |       |       |     5 ||     5
  Use: Scroll            |       |       |     7 |     7 ||    14
Armor: Robe              |     5 |     7 |     8 |    10 ||    30
       Acid dragon scale |       |       |       |     1 ||     1
Dodge: Dodged            |    51 |    49 |    73 |   138 ||   311

Table legend: (Time is in decaauts)
 A = Elapsed time spent in this place.
 B = Non-inter-level travel time spent in this place.
 C = Inter-level travel time spent in this place.
 D = Time resting spent in this place.
 E = Time spent auto-exploring this place.
 F = Levels seen in this place.
 G = Mean time per level.
                   A        B        C        D        E       F      G
               +--------+--------+--------+--------+--------+-----+--------+
         Total |  14803 |  14087 |    716 |   2139 |  10023 |  12 | 1233.6 |
       Dungeon |  14791 |  14078 |    713 |   2139 |  10023 |  11 | 1344.6 |
        Temple |     11 |      8 |      3 |      0 |      0 |   1 |   11.0 |
               +--------+--------+--------+--------+--------+-----+--------+

Top non-repeatable levels by time:
     D:8: 2866 daAuts
     D:2: 2337 daAuts
     D:7: 1469 daAuts
    D:10: 1180 daAuts
     D:6: 1176 daAuts
     D:9: 1120 daAuts
     D:5: 1050 daAuts
     D:3: 1036 daAuts
     D:1: 957 daAuts
    D:11: 803 daAuts
     D:4: 793 daAuts
  Temple: 11 daAuts
